 Dungeon Crawl Stone Soup version 0.32-a0-953-g508020473e (webtiles) character file.

Game seed: 11846942487047513305

156 jasper the Changeling (level 5, 0/30 HPs)
             Began as a Minotaur Shapeshifter on Apr 16, 2024.
             Frozen to death by an endoplasm (4 damage)
             ... on level 4 of the Dungeon.
             The game lasted 00:03:55 (2619 turns).

jasper the Changeling (Minotaur Shapeshifter)       Turns: 2619, Time: 00:03:55

Health: 0/30       AC:  2    Str: 19    XL:     5   Next: 14%
Magic:  4/4        EV: 15    Int:  7    God:
Gold:   235        SH:  0    Dex: 11    Spells: 4/4 levels left

rFire   . .          .
                       - Unarmed
rCold   . . .        (shield currently unavailable)
rNeg    . . .        a - melded +0 animal skin
rPois   .            (helmet restricted)
rElec   .            (no cloak)
rCorr   +            (no gloves)
SInv    .            f - +1 pair of boots
Will    .....        (no amulet)
Stlth   +            l - ring of resist corrosion
HPRegen 0.25/turn    (no ring)
MPRegen 0.09/turn

%: no passive effects
@: flux-form, glowing
A: glow, contaminating, reduced hp, horns 2, retaliatory headbutt
a: Begin Untransformation


You were on level 4 of the Dungeon.
You were something dangerously unstable.
You visited 1 branch of the dungeon, and saw 4 of its levels.

You collected 235 gold pieces.

Inventory:

Missiles
 g - 2 throwing nets
 h - 29 stones (quivered)
 o - 3 poisoned darts
Armour
 a - a +0 animal skin (melded)
 f - a +1 pair of boots (worn)
Jewellery
 l - a ring of resist corrosion (left hand)
Talismans
 c - a beast talisman
 d - a flux talisman (active)
Scrolls
 n - a scroll of teleportation
Potions
 b - 2 potions of lignification
 e - a potion of invisibility
 i - a potion of ambrosia
 j - 2 potions of curing
 k - a potion of degeneration {unknown}
 m - a potion of resistance {unknown}
 p - a potion of heal wounds {unknown}


   Skills:
 - Level 1.2 Fighting
 - Level 2.1 Dodging
 - Level 3.2 Unarmed Combat
 + Level 4.5 Shapeshifting


You had 4 spell levels left.
You didn't know any spells.
Your spell library contained the following spells:

 Spells                   Type           Power      Damage    Failure   Level
 Kiss of Death            Conj/Necr      0%         2d5       43%         1
 Cigotuvi's Dreadful Rot  Necr/Alch/Air  0%         N/A       56%         2
 Confusing Touch          Hex            0%         N/A       80%         3
 Dispel Undead            Necr           0%         3d6       99%         4
 Ignite Poison            Fire/Alch      0%         N/A       99%         4
 Freezing Cloud           Conj/Ice/Air   0%         6-21      100%        5


Dungeon Overview and Level Annotations

Branches:
Dungeon (4/15)
 Temple: D:4-7

Altars:


Innate Abilities, Weirdness & Mutations

You are something dangerously unstable.
You glow with magical radiation, making you easy to see and hit.
Foes you strike become dangerously contaminated with magical radiation.
Your maximum health is decreased, since you lack skill for your form.
You are incapable of wielding weapons or throwing items.
You have a pair of horns on your head.
You reflexively headbutt those who attack you in melee.


Message History

o - 3 poisoned darts You hit the hobgoblin.
The hobgoblin begins to glow.
The hobgoblin is heavily wounded.
The hobgoblin completely misses you.
You hit the hobgoblin.
You kill the hobgoblin!
You start putting on your armour.
You continue putting on your +1 pair of boots. x4
You finish putting on your +1 pair of boots.
You regained 2 hp, and now have 4/30 hp.
A hobgoblin is nearby!
The hobgoblin closely misses you.
You see here a hobgoblin corpse.
You closely miss the hobgoblin.
A goblin comes into view. It is wielding a +0 dagger.
The hobgoblin misses you.
You barely miss the hobgoblin. The hobgoblin barely misses you.
You furiously retaliate!
You headbutt the hobgoblin.
You kill the hobgoblin!
The goblin closely misses you.
You see here a hobgoblin corpse.
You closely miss the goblin. The goblin barely misses you.
You closely miss the goblin. The goblin closely misses you.
You barely miss the goblin. You headbutt the goblin.
You kill the goblin!
An endoplasm comes into view.
The endoplasm quivers.
Things that are here:
a +0 dagger; a goblin corpse A lemure comes into view.
The lemure shouts!
The endoplasm freezes you.
You are frozen.
* * * LOW HITPOINT WARNING * * *
The lemure moves out of view.
You take 3 damage, and have 3/30 hp.
You hit the endoplasm but do no damage.
The endoplasm begins to glow.
The endoplasm freezes you.
You are frozen.
You die...

...... .....
####+###....
#..........#
#..........# #.#
#.....=....# #.#
#..........# #.#
#.pJ..# #.#
#.....# #.###
##.#### #.#..
#)††.#########.#.#
####)##.....##.#.#
#.##....)......
#)##..5...###.#
#..#......# #.#
##.#......###..


You could see an endoplasm (contam).

Vanquished Creatures
  2 lemures (D:4)
  Robin (D:4)
  A gnoll (D:1)
  3 adders
  2 dart slugs
  An endoplasm (D:1)
  12 giant cockroaches
  15 goblins
  9 hobgoblins
  10 jackals (D:1)
  4 quokkas
  9 ball pythons
  7 bats
  10 frilled lizards
  7 kobolds
  4 rats
97 creatures vanquished.

Notes
Turn   | Place    | Note
-------+----------+-------------------------------------------
     0 | D:1      | jasper the Minotaur Shapeshifter began the quest for the
                  | Orb.
     0 | D:1      | Reached XP level 1. HP: 16/16 MP: 0/0
    61 | D:1      | Reached XP level 2. HP: 21/23 MP: 1/1
   109 | D:1      | Reached skill level 3 in Shapeshifting
   267 | D:1      | Reached XP level 3. HP: 25/28 MP: 2/2
  1068 | D:2      | Reached XP level 4. HP: 35/35 MP: 3/3
  1267 | D:2      | Reached skill level 4 in Shapeshifting
  2448 | D:4      | Noticed a lemure
  2472 | D:4      | Killed a lemure
  2532 | D:4      | Noticed a lemure
  2556 | D:4      | Killed a lemure
  2571 | D:4      | Noticed Robin
  2590 | D:4      | Reached XP level 5. HP: 18/40 MP: 4/4
  2597 | D:4      | HP: 1/29 [Robin/+0 whip (5)]
  2598 | D:4      | Killed Robin
  2618 | D:4      | Noticed a lemure
  2619 | D:4      | Frozen to death by an endoplasm

Illustrated notes

Levels and vault maps discovered:
D:1:      lightli_arrival_noodles, layout_basic, minmay_lizard_pond
D:2:      layout_basic
D:3:      minmay_roachtagon, layout_basic, chequers_serial_rivers_large_b
D:4:      layout_basic, cheibrodos_sewer_entry_sluice, uniq_robin, uniq_pikel

Skill      XL: |  1  2  3  4 |
---------------+-------------+-----
Shapeshifting  | 3 4 |  4.5
Fighting       | |  1.2
Dodging        | |  2.1
Unarmed Combat | |  3.2

Action                     |  1- 3 |  4- 6 || total
---------------------------+-------+-------++-------
  Melee: Unarmed           |   102 |   102 ||   204
         Headbutt          |    15 |    16 ||    31
         Punch             |     2 |       ||     2
  Throw: Stone             |     3 |     7 ||    10
    Use: Scroll            |     2 |     7 ||     9
   Stab: Sleeping          |       |     2 ||     2
 Armour: Animal skin       |    64 |    41 ||   105
         Skin              |       |    12 ||    12
  Dodge: Dodged            |    62 |    44 ||   106
   Form: Flux              |       |     1 ||     1

Table legend: (Time is in decaauts)
 A = Elapsed time spent in this place.
 B = Non-inter-level travel time spent in this place.
 C = Inter-level travel time spent in this place.
 D = Time resting spent in this place.
 E = Time spent auto-exploring this place.
 F = Levels seen in this place.
 G = Mean time per level.
                   A        B        C        D        E       F      G
               +--------+--------+--------+--------+--------+-----+--------+
         Total |   2653 |   2596 |     57 |     52 |   1974 |   4 |  663.2 |
       Dungeon |   2653 |   2596 |     57 |     52 |   1974 |   4 |  663.2 |
               +--------+--------+--------+--------+--------+-----+--------+

Top non-repeatable levels by time:
     D:1: 988 daAuts
     D:3: 865 daAuts
     D:2: 501 daAuts
     D:4: 297 daAuts
